 Dungeon Crawl Stone Soup version 0.29.1-15-g9cfb28693d (webtiles) character file.

Game seed: 6323831333538112030

52 Eitelfritz the Trooper (level 3, -2/34 HPs)
             Began as a Hill Orc Fighter on Mar 24, 2023.
             Slain by a gnoll
             ... wielding a +0 flail
              (5 damage)
             ... on level 2 of the Dungeon.
             The game lasted 00:02:37 (1376 turns).

Eitelfritz the Trooper (Hill Orc Fighter)           Turns: 1376, Time: 00:02:38

Health: -2/34      AC:  8    Str: 20    XL:     3   Next: 85%
Magic:  3/3        EV:  9    Int:  8    God:
Gold:   18         SH:  4    Dex: 10    Spells: 2/2 levels left

rFire   . . .      SeeInvis .   a - +0 war axe
rCold   . . .      Faith    .   c - +0 buckler
rNeg    + . .      Spirit   .   b - +0 scale mail
rPois   .          Reflect  .   l - +0 helmet
rElec   .          Harm     .   (no cloak)
rCorr   .          Rampage  .   (no gloves)
Will    .....                   (no boots)
Stlth   ..........              (no amulet)
HPRegen 0.11/turn               k - ring of positive energy
MPRegen 0.08/turn               (no ring)

@: no status effects
A: no striking features
a: no special abilities


You were on level 2 of the Dungeon.
You visited 1 branch of the dungeon, and saw 2 of its levels.

You collected 18 gold pieces.

Inventory:

Hand Weapons
 a - a +0 war axe (weapon)
 i - a +0 flail
Missiles
 m - 6 javelins (quivered)
Armour
 b - a +0 scale mail (worn)
 c - a +0 buckler (worn)
 l - a +0 helmet (worn)
 s - a +0 tower shield
Jewellery
 f - an amulet of regeneration
 j - a +6 ring of intelligence
 k - a ring of positive energy (left hand)
Scrolls
 e - a scroll of blinking {unknown}
 g - 2 scrolls of teleportation {unknown}
 h - a scroll of identify {unknown}
 n - a scroll of noise {unknown}
 o - a scroll of butterflies {unknown}
 q - a scroll of poison {unknown}
 r - a scroll of immolation {unknown}
Potions
 d - a potion of might


   Skills:
 + Level 4.3 Fighting
 + Level 3.7 Axes
 + Level 3.7 Armour
 + Level 0.1 Dodging
 + Level 3.5 Shields


You had 2 spell levels left.
You didn't know any spells.
Your spell library contained the following spells:

 Spells                   Type           Power      Damage    Failure   Level
 Ensorcelled Hibernation  Hex/Ice        0%         N/A       94%         2
 Spider Form              Tmut/Pois      0%         N/A       99%         3
 Anguish                  Hex/Necr       0%         N/A       100%        4


Dungeon Overview and Level Annotations

Branches:
Dungeon (2/15)

Altars:


Message History

Things that are here:
a +0 flail; a +0 ring mail; the human corpse of Terence A ball python comes into view.
The ball python hisses angrily.
The ball python bites you but does no damage.
You block the ball python's attack.
You slash the ball python!
You kill the ball python!
You see here a ball python corpse.
You feel a little less mighty now.
A gnoll comes into view. It is wielding a +0 spear.
A gnoll comes into view. It is wielding a +0 flail.
The gnoll shouts!
You hear a shout!
A gnoll comes into view. It is wielding a +0 halberd.
A gnoll comes into view.
It is wielding the +8 short sword of Defence by Offence {drain, rF+ Will+ rCorr Int-3 Dex+2}.
You see here a ball python corpse.
The gnoll misses you.
You barely miss the gnoll. You block the gnoll's attack.
The gnoll hits you from afar with a +0 spear.
The gnoll attacks as you move away! The gnoll hits you with a +0 flail.
The gnoll throws a stone.
The stone hits you but does no damage. The gnoll attacks as you move away!
The gnoll hits you with a +0 flail.
The gnoll throws a stone.
The stone hits you but does no damage.
You closely miss the gnoll. The gnoll barely misses you. x2
The gnoll hits you from afar with a +0 halberd!
You closely miss the gnoll. The gnoll hits you with a +0 flail.
* * * LOW HITPOINT WARNING * * *
The gnoll hits you but does no damage.
You closely miss the gnoll.
A gnoll opens the door.
The gnoll hits you with a +0 flail.
* * * LOW HITPOINT WARNING * * *
You block the gnoll's attack.
Unknown command.
You hit the gnoll.
The gnoll is lightly wounded.
The gnoll hits you but does no damage. The gnoll barely misses you.
The gnoll hits you from afar with a +0 spear.
* * * LOW HITPOINT WARNING * * *
The gnoll hits you but does no damage. The gnoll hits you with a +0 flail.
You die...

#.....# #~~♣#.####
#.###'########♣~~~♣...#.
#............#~P~~♣.....
#.#....####...♣~~P♣♣....
#......# #...~~P~~♣....
#.#....###♣...~~~≈~♣....
#......##P~....~~≈~~....
#.######.###g##♣~P~..~~~≈~~♣.#.
...........ggg@♣~~~..~~~≈≈~~~.<
#.#.####....##♣♣~P....~~≈~P~♣#.
####.# ♣♣~~...♣P~~~♣♣.. #....#
♣~P~...P~~P~~♣## # ###.g.g#
♣~~~..~~~~~~~P# #. #.'....#
♣~~~~...~~~~~♣# .#.# ###.#...##
♣♣P~...~P)♣♣♣# .....#.#.#†..#
#~♣~~..~P♣...# .....#...#...#
##~♣~..~♣....#


You could see 4 gnolls.

Vanquished Creatures
  Terence (D:2)
  4 ball pythons
  3 endoplasms
  2 giant cockroaches
  2 goblins
  3 hobgoblins
  2 quokkas (D:1)
  6 bats
  A kobold (D:2)
  A rat (D:1)
25 creatures vanquished.

Vanquished Creatures (others)
  2 plants (D:2)
2 creatures vanquished.

Grand Total: 27 creatures vanquished

Notes
Turn   | Place    | Note
-------+----------+-------------------------------------------
     0 | D:1      | Eitelfritz the Hill Orc Fighter began the quest for the
                  | Orb.
     0 | D:1      | Reached XP level 1. HP: 19/19 MP: 1/1
   550 | D:1      | Reached XP level 2. HP: 23/27 MP: 2/2
   597 | D:1      | Reached skill level 4 in Fighting
   771 | D:1      | Found a faded altar of an unknown god.
  1140 | D:2      | Reached XP level 3. HP: 30/33 MP: 3/3
  1246 | D:2      | Noticed Terence
  1262 | D:2      | Killed Terence
  1358 | D:2      | Identified the +8 short sword of Defence by Offence {drain,
                  | rF+ Will+ rCorr Int-3 Dex+2}
  1376 | D:2      | Slain by a gnoll

Illustrated notes

Levels and vault maps discovered:
D:1:      lemuel_arrival_tunnels, layout_loops_corners, basic_ecumenical_altar
D:2:      layout_basic, dk_vineyard_1, serial_bayou_ford_a, grunt_ministairs_12,
          minmay_goblin_outpost, uniq_terence, uniq_crazy_yiuf_cottage

Skill      XL: |  1  2 |
---------------+-------+-----
Fighting       | 4 |  4.3
Axes           | 3 |  3.7
Armour         | |  3.7
Dodging        | |  0.1
Shields        | |  3.5

Action                   || total
-------------------------++-------
Melee: War axe           ||    87
  Use: Potion            ||     2
Armor: Scale mail        ||    52
Dodge: Dodged            ||    45
Block: Buckler           ||    24
